 Dungeon Crawl Stone Soup version 0.18.1-8-gdd0e5ea (webtiles) character file.

193 Jojapa the Magician (level 5, -3/28 HPs)
             Began as a Deep Elf Wizard on June 3, 2016.
             Slain by an orc priest
             ... wielding a +0 club
              (5 damage)
             ... on level 3 of the Dungeon.
             The game lasted 00:07:21 (5183 turns).

Jojapa the Magician (Deep Elf Wizard)               Turns: 5183, Time: 00:07:21

Health: -3/28      AC:  4    Str:  1    XL:     5   Next: 43%
Magic:  0/16       EV: 12    Int: 24    God:
Gold:   204        SH:  0    Dex: 13    Spells: 5 memorised, 6 levels left

rFire  . . .     SeeInvis .     (no weapon)
rCold  . . .     Gourm    .     a - +0 robe
rNeg   . . .     Faith    .     (no shield)
rPois  .         Spirit   .     b - +0 hat
rElec  .         Dismiss  .     t - +0 cloak {MR+}
rCorr  .         Reflect  .     (no gloves)
SustAt .         Harm     +     o - +0 pair of boots
MR     +....                    p - amulet of harm
Stlth  ++........               (no ring)
                                k - -3 ring of strength (curse)

@: somewhat resistant to hostile enchantments, unstealthy
A: no striking features
a: no special abilities


You were on level 3 of the Dungeon.
You were hungry.

You visited 1 branch of the dungeon, and saw 3 of its levels.

You collected 204 gold pieces.

Inventory:

Missiles
 m - 14 poisoned needles
Armour
 a - a +0 robe (worn)
 b - a +0 hat (worn)
 o - a +0 pair of boots (worn)
 t - a +0 cloak of magic resistance (worn)
 E - a +0 cloak
Jewellery
 k - a cursed -3 ring of strength (left hand)
 p - an amulet of harm (around neck)
Wands
 C - a wand of digging (18/24)
Scrolls
 e - 5 scrolls of identify {unknown}
 g - 2 scrolls of fear {unknown}
 n - 3 scrolls of remove curse {unknown}
 s - a scroll of amnesia {unknown}
 v - a scroll of magic mapping {unknown}
 x - a scroll of blinking {unknown}
 y - a scroll of immolation {unknown}
 B - a scroll of teleportation {unknown}
Potions
 f - a potion of degeneration {unknown}
 h - 3 potions of flight {unknown}
 l - a potion of resistance {unknown}
 q - a potion of heal wounds {unknown}
 r - a potion of haste {unknown}
 z - a potion of might {unknown}
 A - a potion of berserk rage {unknown}
Books
 c - a book of Minor Magic

   Spells                             Type                      Level
   a - Magic Dart                     Conjuration                  1
   b - Blink                          Translocation                2
   c - Call Imp                       Summoning                    2
   d - Repel Missiles                 Charms/Air                   2
   e - Slow                           Hexes                        2
   f - Conjure Flame                  Conjuration/Fire             3
   g - Mephitic Cloud                 Conjuration/Poison/Air       3
Comestibles
 d - 4 bread rations
 i - 2 slices of pizza
 j - 2 meat rations
 u - a royal jelly
 w - 3 beef jerkies


   Skills:
 - Level 2.4 Dodging
 - Level 2.4 Stealth
 + Level 6.7 Spellcasting
 + Level 4.1 Conjurations
   Level 1.1 Summonings
 - Level 1.1 Translocations


You had 6 spell levels left.
You knew the following spells:

 Your Spells              Type           Power        Failure   Level  Hunger
a - Magic Dart            Conj           ####         1%          1    None
b - Blink                 Tloc           N/A          10%         2    None
c - Repel Missiles        Chrm/Air       #.....       12%         2    None
d - Mephitic Cloud        Conj/Pois/Air  ##......     14%         3    None
e - Conjure Flame         Conj/Fire      ###.....     12%         3    None


Dungeon Overview and Level Annotations

Branches:
Dungeon (3/15)

Altars:
Ashenzari
Pakellas
Ru

Annotations:
D:3 fulminata's ghost, amateur DsGl


Message History

The magic dart hits the orc priest.
The orc priest is severely wounded.
The quokka closely misses you. The orc priest closely misses you.
Casting: Magic Dart
Confirm with . or Enter, or press ? or * to list all spells.
Aiming: Magic Dart
Press: ? - help, Shift-Dir - straight line, f/p - orc priest
Aim: an orc priest, wielding a club and wearing a plate armour (severely wounded)
The magic dart hits the orc priest.
The orc priest is severely wounded.
The quokka closely misses you. The quokka misses you.
Casting: Magic Dart
Confirm with . or Enter, or press ? or * to list all spells.
Aiming: Magic Dart
Press: ? - help, Shift-Dir - straight line, f/p - orc priest
Aim: an orc priest, wielding a club and wearing a plate armour (severely wounded)
The magic dart hits the orc priest.
The orc priest is severely wounded.
The orc priest hits you with a club.
You die...

.. ....... ###. .....
### ... ... ###.#
###.#########'# #)..#
#...........#.# ###
#.### #.#.#.#####.#.#
##.## #.#
#.#.#####.#.####...###.#
#...................##.#
###.#####.o@r.##...###.#
#.###.# #....####.####.#
#.....#####.#.##
#......# #####.......#.#
######## #########.# #.#
#.# #.# #.#


You could see an orc priest and a quokka.

Vanquished Creatures
  Crazy Yiuf (D:3)
  2 orc wizards (D:3)
  4 adders
  2 worms
  2 dart slugs (D:2)
  A giant gecko (D:3)
  An orc (D:3)
  2 ball pythons (D:2)
  5 bats
  3 giant cockroaches
  8 goblins
  9 hobgoblins
  7 jackals
  8 kobolds
  A quokka (D:2)
  3 giant newts
  5 rats
64 creatures vanquished.

Notes
Turn   | Place    | Note
--------------------------------------------------------------
     0 | D:1      | Jojapa the Deep Elf Wizard began the quest for the Orb.
     0 | D:1      | Reached XP level 1. HP: 10/10 MP: 7/7
   501 | D:1      | Reached XP level 2. HP: 13/15 MP: 0/9
  1524 | D:2      | Reached skill level 5 in Spellcasting
  1695 | D:2      | Reached XP level 3. HP: 19/19 MP: 2/11
  1699 | D:2      | Learned a level 2 spell: Blink
  1702 | D:2      | Learned a level 2 spell: Repel Missiles
  1706 | D:2      | Learned a level 3 spell: Mephitic Cloud
  1710 | D:2      | Learned a level 3 spell: Conjure Flame
  1889 | D:2      | Found an oddly glowing altar of Pakellas.
  2289 | D:2      | Found a shattered altar of Ashenzari.
  3026 | D:3      | Reached XP level 4. HP: 24/24 MP: 11/13
  3175 | D:3      | Found a sacrificial altar of Ru.
  3178 | D:3      | Reached skill level 6 in Spellcasting
  3450 | D:3      | Reached XP level 5. HP: 28/28 MP: 12/15
  3668 | D:3      | Noticed fulminata's ghost (amateur DsGl)
  4800 | D:3      | Noticed Crazy Yiuf
  4810 | D:3      | Killed Crazy Yiuf
  5183 | D:3      | Slain by an orc priest

Skill      XL: |  1  2  3  4  5 |
---------------+----------------+-----
Conjurations   | 2 3 4 |  4.1
Spellcasting   | 5 6 |  6.7
Dodging        | |  2.4
Stealth        | |  2.4
Summonings     | |  1.1
Translocations | |  1.1

Action                   |  1- 3 |  4- 6 || total
-------------------------+-------+-------++-------
Melee: Unarmed           |     8 |       ||     8
 Cast: Magic Dart        |    97 |   116 ||   213
       Repel Missiles    |     1 |       ||     1
       Conjure Flame     |       |     4 ||     4
  Eat: Chunk             |     6 |     6 ||    12
Armor: Robe              |     5 |     3 ||     8
Dodge: Dodged            |    12 |    16 ||    28
       Deflected         |       |     1 ||     1
